 Dungeon Crawl Stone Soup version 0.31.0-9-g3a7656b989 (webtiles) character file.

Game seed: 11478887129032499733

15535 Bnni the Cleaver (level 12, -13/102 HPs)
             Began as a Formicid Fighter on Feb 3, 2024.
             Was a Priest of Ru.
             Shot with a bolt by a yaktaur (28 damage)
             ... on level 11 of the Dungeon.
             The game lasted 00:24:35 (9527 turns).

Bnni the Cleaver (Formicid Fighter)                 Turns: 9527, Time: 00:24:36

Health: -13/102    AC: 14    Str: 30    XL:     12   Next: 58%
Magic:  10/10      EV: 12    Int:  6    God:    Ru [***...]
Gold:   1805       SH:  5    Dex: 13    Spells: 11/11 levels left

rFire   + + +        E - +11 flail of Ysecraha {elec, rF+ rN++ rCorr Str-2}
rCold   + . .        c - +0 buckler
rNeg    + + .        B - +1 plate armour {rF+}
rPois   .            (helmet unavailable)
rElec   .            w - +0 cloak
rCorr   +            (no gloves)
SInv    +            f - +0 pair of boots
Will    +....        u - amulet of regeneration Stlth
                     m - +5 ring of evasion
HPRegen 1.17/turn    C - ring "Pecaen" {rF+ rC+ Str+6 Int-2}
MPRegen 0.12/turn

%: no passive effects
@: no status effects
A: permanent stasis, dig shafts and tunnels, antennae 3, low MP 1, inability to
read after injury 2, unskilled 1, four strong arms
a: Dig, Shaft Self, Renounce Religion, Draw Out Power


You were on level 11 of the Dungeon.
You worshipped Ru.
Ru was most pleased with you.
You visited 1 branch of the dungeon, and saw 11 of its levels.
You also visited: Bailey.

You collected 1805 gold pieces.

Inventory:

Hand Weapons
 j - a +3 vampiric trident
 k - a +1 dagger of venom
 E - the +11 flail of Ysecraha (weapon) {elec, rF+ rN++ rCorr Str-2}
   (You found it on level 6 of the Dungeon)

   Str-2:     It affects your strength (-2).
   rF+:       It protects you from fire.
   rN++:      It greatly protects you from negative energy.
   rCorr:     It protects you from acid and corrosion.
 L - a +0 spectral executioner's axe
Missiles
 o - 4 silver javelins
 r - 7 javelins
 v - 55 poisoned darts
Armour
 c - a +0 buckler (worn)
 f - a +0 pair of boots (worn)
 w - a +0 cloak (worn)
 B - a +1 plate armour of fire resistance (worn)
Jewellery
 m - a +5 ring of evasion (left hand)
 u - an amulet of regeneration (around neck)
 C - the ring "Pecaen" (right hand) {rF+ rC+ Str+6 Int-2}
   (You found it on level 5 of the Dungeon)

   [ring of strength]

   Str+6:     It affects your strength (+6).
   Int-2:     It affects your intelligence (-2).
   rF+:       It protects you from fire.
   rC+:       It protects you from cold.
Wands
 y - a wand of roots (17)
 G - a wand of acid (10)
 J - a wand of polymorph (6)
Scrolls
 a - a scroll of fear {unknown}
 i - 4 scrolls of poison
 p - 4 scrolls of enchant weapon {unknown}
 s - 2 scrolls of vulnerability {unknown}
 t - a scroll of summoning {unknown}
 x - a scroll of immolation {unknown}
 A - 2 scrolls of amnesia {unknown}
 D - 3 scrolls of teleportation {unknown}
Potions
 b - a potion of enlightenment {unknown}
 d - a potion of might
 e - a potion of magic
 g - a potion of attraction {unknown}
 h - 6 potions of curing
 l - 3 potions of lignification {unknown}
 n - 5 potions of haste {unknown}
 I - a potion of brilliance {unknown}


   Skills:
 + Level 11.9 Fighting
 * Level 14.7 Axes
 - Level 3.0 Armour
 - Level 3.6 Shields


You had 11 spell levels left.
You didn't know any spells.
Your spell library contained the following spells:

 Spells                   Type           Power      Damage    Failure   Level
 Magic Dart               Conj           0%         1d3       99%         1
 Sandblast                Erth           0%         2d4       99%         1
 Slow                     Hex            0%         N/A       99%         1
 Call Imp                 Summ           0%         N/A       100%        2
 Ensorcelled Hibernation  Hex/Ice        0%         N/A       100%        2
 Confusing Touch          Hex            0%         N/A       100%        3
 Ozocubu's Armour         Ice            0%         N/A       100%        3
 Passwall                 Erth           0%         N/A       100%        3
 Sigil of Binding         Hex            0%         N/A       100%        3
 Stone Arrow              Conj/Erth      0%         3d7       100%        3
 Vampiric Draining        Necr           0%         2d6       100%        3
 Brom's Barrelling Bould  Conj/Erth      0%         2d3       100%        4
 Metabolic Englaciation   Hex/Ice        0%         N/A       100%        5
 Sculpt Simulacrum        Ice/Alch       0%         N/A       100%        6
 Blink                    Tloc           Unusable   N/A       N/A         2
 Swiftness                Air            Unusable   N/A       N/A         3

Dungeon Overview and Level Annotations

Branches:
Dungeon (11/15)            Temple (0/1) D:5            Lair (0/5) D:8
    Orc (0/2) D:9          Bailey (visited)

Altars:
Ashenzari
Dithmenos
Elyvilon
Makhleb
Ru
Uskayaw
Wu Jian

Shops:
D:2 (   D:3 [


Innate Abilities, Weirdness & Mutations

You cannot be hasted, slowed, berserked, paralysed or teleported.
You can dig through walls and to a lower floor.
You have a pair of large antennae on your head. (SInv)
Your magical capacity is low. (-10% MP)
You sometimes lose the ability to read scrolls when taking damage.
You are somewhat unskilled. (-1 Apt)
Your four strong arms can wield two-handed weapons with a shield.


Message History

There is an open door here.
There is a stone staircase leading down here.
You climb downwards.
The yaktaur shouts!
The yaktaur wields a +0 arbalest.
The yaktaur shoots a bolt.
You block the bolt.
There is a stone staircase leading up here.
A yaktaur comes into view. It is carrying a wand of roots.
The yaktaur shoots a bolt.
The bolt hits you!!
The yaktaur wields a +0 arbalest.
The yaktaur shoots a bolt.
You block the bolt.
The yaktaur shoots a bolt.
The bolt hits you!!
The yaktaur shoots a bolt.
The bolt hits you!!
Okay, then.
Okay, then.
Found a potion of degeneration.
A yaktaur comes into view.
You redirect the yaktaur's attack!
The yaktaur shoots a bolt.
The bolt hits the yaktaur!!
The yaktaur shoots a bolt.
The bolt closely misses you.
The yaktaur shouts!
The yaktaur unwields a +0 arbalest.
You block the yaktaur's attack.
You bludgeon the yaktaur!! Lightning courses through the yaktaur!
The yaktaur is severely wounded.
The yaktaur wields a +0 arbalest.
The yaktaur shoots a bolt.
The bolt completely misses you.
The yaktaur shoots a bolt.
The bolt hits you!!
* * * LOW HITPOINT WARNING * * *
You focus your inner power and blind the yaktaur in retribution!
The yaktaur hits you but does no damage.
Okay, then.
As you read the scroll of fog, it dissolves into smoke.
The yaktaur shoots a bolt.
The bolt barely misses you.
You redirect the yaktaur's attack!
The yaktaur hits itself!
Unknown command.
You hit the yaktaur.
You kill the yaktaur!
The yaktaur shoots a bolt.
The bolt closely misses you.
Unknown command.
The yaktaur shoots a bolt.
The bolt hits you!!
You die...

...............# # #....
...............##### ...#....
#..............#...# !.#....
#..............#...# ..#....
#..............#...# ..#....
+...##.........#§§§# #.##...
#..........###.#§§§###.. #.##...
#..........###.#§§§....# #(###.|
#.........##.§.§@§§...!##.#.# #..
#............§§§c§.§....#.#.###..
.....####..<..§§......#.#.......#
.....##......#............#.###..
....>.#...........c...#.#.#.###..
......#......#...#......# #......
......#................. #......
......#....#...........##.#......
..........................#......


You could see 2 yaktaurs.

Vanquished Creatures
  A boulder beetle (D:9)
  Pikel (D:6)
  2 orc knights (Bailey)
  An ugly thing (D:11)
  2 cyclopes (D:11)
  Jeremiah (D:8)
  2 kobold demonologists
  A yaktaur (D:11)
  Psyche (D:8)
  A troll (D:10)
  A hornet (D:7)
  21 yaks
  2 wyverns
  A wraith (D:11)
  A steam dragon (D:9)
  A warg (D:8)
  2 vampire mosquitoes (D:11)
  A two-headed ogre zombie (D:9)
  3 water moccasins
  2 ice beasts (D:7)
  A black bear (D:5)
  10 orc warriors
  A black bear (shapeshifter) (D:9)
  2 ogres
  2 wolves (D:8)
  4 centaurs
  4 phantoms
  Blork the orc (D:6)
  6 kobold brigands
  2 bullfrogs
  A scorpion (D:5)
  2 gnoll sergeants (D:9)
  12 wights
  2 troll zombies (D:9)
  16 killer bees
  4 howler monkeys (D:10)
  3 electric eels (Bailey)
  2 lava snakes (D:9)
  3 hounds
  3 orc priests
  3 bombardier beetles
  2 jellies
  2 iguanas
  Ijyb (D:5)
  4 sleepcaps
  Jessica (D:2)
  A gnoll bouda (D:4)
  3 orc wizards (D:8)
  4 ogre zombies (D:9)
  17 gnolls
  4 adders
  A shadow imp (D:6)
  A white imp (D:8)
  7 dart slugs
  18 orcs
  3 ball pythons
  6 endoplasms
  4 giant cockroaches
  5 gnoll zombies (D:9)
  17 hobgoblins
  4 jackals (D:1)
  40 kobolds
  8 quokkas
  5 bats
  3 frilled lizards (D:1)
  3 gnoll skeletons (D:9)
  14 goblins
  6 orc skeletons (D:9)
  11 orc zombies (D:9)
  2 rats
329 creatures vanquished.

Vanquished Creatures (collateral kills)
  An orc high priest (Bailey)
  An orc knight (Bailey)
  An orc warrior (Bailey)
  A gnoll (Bailey)
4 creatures vanquished.

Vanquished Creatures (others)
  An orc knight (Bailey)
  A vampire mosquito (D:11)
  A kobold (D:9)
3 creatures vanquished.

Grand Total: 336 creatures vanquished

Notes
Turn   | Place    | Note
-------+----------+-------------------------------------------
     0 | D:1      | Bnni the Formicid Fighter began the quest for the Orb.
     0 | D:1      | Reached XP level 1. HP: 18/18 MP: 1/1
    30 | D:1      | Reached XP level 2. HP: 9/24 MP: 2/2
   216 | D:1      | Reached XP level 3. HP: 30/30 MP: 3/3
   224 | D:1      | Reached skill level 3 in Axes
  1097 | D:2      | Reached XP level 4. HP: 33/37 MP: 4/4
  1155 | D:2      | Found Ywoto's Antique Weapon Emporium.
  1330 | D:2      | Noticed Jessica
  1333 | D:2      | Killed Jessica
  1480 | D:2      | Reached skill level 4 in Axes
  1581 | D:2      | Reached XP level 5. HP: 42/42 MP: 5/5
  2219 | D:3      | Found Betead's Antique Armour Shoppe.
  2385 | D:4      | Found a sacrificial altar of Ru.
  2386 | D:4      | Found an ornate altar of the Wu Jian Council.
  2387 | D:4      | Found a white marble altar of Elyvilon.
  2402 | D:4      | Became a worshipper of Ru the Awakened
  2504 | D:4      | Noticed an ogre
  2513 | D:4      | Killed an ogre
  2514 | D:4      | Reached skill level 5 in Fighting
  2514 | D:4      | Reached skill level 5 in Axes
  2514 | D:4      | Reached XP level 6. HP: 51/51 MP: 6/6
  2518 | D:4      | Found a faded altar of an unknown god.
  2671 | D:4      | Reached XP level 7. HP: 36/56 MP: 7/7
  2788 | D:4      | Reached skill level 6 in Axes
  2852 | D:4      | Found a shadowy altar of Dithmenos.
  2894 | D:4      | Found a hide-covered altar of Uskayaw.
  2896 | D:4      | Found a broken altar of Ashenzari.
  2897 | D:4      | Found a burning altar of Makhleb.
  3110 | D:5      | Entered Level 5 of the Dungeon
  3110 | D:5      | Noticed a wyvern
  3153 | D:5      | Identified the ring "Pecaen" {rF+ rC+ Str+6 Int-2}
  3198 | D:5      | Reached skill level 7 in Axes
  3198 | D:5      | Reached XP level 8. HP: 64/64 MP: 8/8
  3241 | D:5      | Gained mutation: You are somewhat unskilled. (-1 Apt) [Ru
                  | sacrifice]
  3241 | D:5      | Reduced skill Fighting to level 5
  3241 | D:5      | Reduced skill Axes to level 6
  3241 | D:5      | Reached * piety under Ru
  3278 | D:5      | Reached skill level 7 in Axes
  3308 | D:5      | Killed a wyvern
  3325 | D:5      | Noticed Ijyb
  3339 | D:5      | Killed Ijyb
  3357 | D:5      | Found a staircase to the Ecumenical Temple.
  3807 | D:6      | Reached skill level 8 in Axes
  3807 | D:6      | Reached XP level 9. HP: 60/71 MP: 9/9
  3825 | D:6      | Identified the +11 flail of Ysecraha {elec, rF+ rN++ rCorr
                  | Str-2}
  4094 | D:6      | Noticed Pikel
  4105 | D:6      | Killed Pikel
  4106 | D:6      | Reached skill level 9 in Axes
  4170 | D:6      | Noticed Blork the orc
  4179 | D:6      | Killed Blork the orc
  4499 | D:7      | Identified the +3 ring mail of the Many Gazing Queens {rN+
                  | MP+9 Int-5}
  4559 | D:7      | Noticed a hornet
  4570 | D:7      | Killed a hornet
  4577 | D:7      | Reached XP level 10. HP: 56/80 MP: 10/10
  4646 | D:7      | Reached skill level 10 in Axes
  5304 | D:8      | Reached skill level 11 in Axes
  5379 | D:8      | Noticed Jeremiah
  5410 | D:8      | Killed Jeremiah
  5541 | D:8      | Reached XP level 11. HP: 80/90 MP: 11/11
  5554 | D:8      | Reached skill level 12 in Axes
  5592 | D:8      | Noticed Psyche
  5596 | D:8      | Reached skill level 10 in Fighting
  5599 | D:8      | Killed Psyche
  5713 | D:8      | Found a staircase to the Lair.
  5958 | D:9      | Noticed a boulder beetle
  5972 | D:9      | Killed a boulder beetle
  5985 | D:9      | Identified the +6 great mace "Uriahaga" {distort, Str+3
                  | Stlth+}
  6176 | D:9      | Found a flagged portal.
  6185 | Bailey   | Entered a bailey
  6285 | Bailey   | Noticed an orc high priest
  6293 | Bailey   | Killed an orc high priest
  6294 | Bailey   | Reached skill level 13 in Axes
  6320 | Bailey   | Acquired a +0 executioner's axe of distortion
  6537 | Bailey   | Noticed an orc knight
  6537 | Bailey   | Noticed an orc knight
  6537 | Bailey   | Noticed an orc knight
  6542 | Bailey   | Killed an orc knight
  6550 | Bailey   | Gained mutation: You occasionally lose the ability to read
                  | scrolls when taking damage. [Ru sacrifice]
  6550 | Bailey   | Gained mutation: You sometimes lose the ability to read
                  | scrolls when taking damage. [Ru sacrifice]
  6550 | Bailey   | Reached ** piety under Ru
  6582 | Bailey   | Killed an orc knight
  6669 | Bailey   | Found an iron altar of Okawaru.
  6669 | Bailey   | Noticed an orc knight
  6677 | Bailey   | Reached XP level 12. HP: 98/100 MP: 12/12
  6914 | D:9      | Acquired 984 gold pieces
  6929 | D:9      | Found a staircase to the Orcish Mines.
  7760 | D:10     | Entered Level 10 of the Dungeon
  7848 | D:10     | Reached skill level 14 in Axes
  8848 | D:11     | Gained mutation: Your magical capacity is low. (-10% MP)
                  | [Ru sacrifice]
  8848 | D:11     | Reached *** piety under Ru
  9527 | D:11     | Shot with a bolt by a yaktaur

Illustrated notes

Levels and vault maps discovered:
D:1:      nicolae_arrival_memento_mori, layout_basic, serial_bayou,
          serial_bayou_crossing, serial_bayou_shore_a, serial_bayou_pond_b,
          serial_bayou_pond_e, serial_bayou_pond_c, serial_bayou_shore_b,
          minmay_gold_behind_fungi, minmay_misc_feat_room,
          nicolae_concentric_dashed_squares_wild
D:2:      layout_basic, serial_shops, nicolae_shop_competitors_out_of_business,
          uniq_jessica
D:3:      layout_basic, serial_shops, shop, st_stairs_10,
          kennysheep_another_room, minmay_misc_feat_enclosed, fountainhead,
          minmay_surrounded
D:4:      layout_cave_pools, nicolae_overflow_hidden_temple,
          chequers_temple_overflow_statue_of_worship, serial_column_ruins,
          column_ruins_temple_circle, column_ruins_hut,
          column_ruins_columns_straight, column_ruins_grid_3,
          column_ruins_columns_corner, column_ruins_columns_corner,
          column_ruins_columns_dead_end, minmay_goblin_kobold_house
D:5:      lemuel_ice_spiral_2, layout_rooms, minmay_temple_entry_statues,
          chequers_hall_statues_corner_a, kennysheep_path_1, uniq_ijyb
D:6:      layout_basic, uniq_pikel, uniq_blork_the_orc
D:7:      layout_loops_ring
D:8:      layout_loops_ring, erik_lair_orcish_takeover, uniq_jeremiah,
          uniq_psyche
D:9:      layout_loops_corners, zombieorc2_lemuel, enter_bailey_2,
          serial_library_hellmonk_recessed_alcove, minivault_24,
          kennysheep_island_fort
D:10:     layout_stronghold
D:11:     layout_basic

Skill      XL: |  1  2  3  4  5  6  7  8  9 10 11 12 |
---------------+-------------------------------------+-----
Axes           | 3 4 5 7 8 9 11 13 14 | 14.7
Fighting       | 4 5 6 6 8 9 11 | 11.9
Shields        | 3 |  3.6
Armour         | |  3.0

Action                     |  1- 3 |  4- 6 |  7- 9 | 10-12 || total
---------------------------+-------+-------+-------+-------++-------
  Melee: War axe           |    70 |   126 |   112 |       ||   308
         Flail             |       |       |    69 |   530 ||   599
  Throw: Dart              |       |     3 |     1 |    15 ||    19
 Invoke: Sacrifice Skill   |       |       |     1 |       ||     1
         Sacrifice Words   |       |       |       |     1 ||     1
         Sacrifice Essence |       |       |       |     1 ||     1
Ability: Dig               |       |     1 |     1 |     1 ||     3
  Evoke: Wand              |       |       |       |     9 ||     9
    Use: Scroll            |       |       |       |    14 ||    14
         Potion            |       |       |       |     3 ||     3
   Stab: Distracted        |       |       |       |     2 ||     2
         Invisible         |       |       |       |     1 ||     1
 Armour: Scale mail        |    64 |    34 |       |       ||    98
         Chain mail        |       |    27 |     4 |       ||    31
         Plate armour      |       |       |   113 |   315 ||   428
  Dodge: Dodged            |    35 |    78 |    92 |   285 ||   490
  Block: Buckler           |    19 |    46 |    47 |   129 ||   241
